 Dungeon Crawl Stone Soup version 0.29-a0-819-g94b489e0ae (webtiles) character file.

Game seed: 17727958904148726711

46 Gargoyl the Trooper (level 3, -1/24 HPs)
             Began as a Gargoyle Berserker on July 7, 2022.
             Was a Follower of Trog.
             Slain by a goblin
             ... wielding a +0 club
             ... led by Robin
              (5 damage)
             ... on level 4 of the Dungeon.
             The game lasted 00:01:36 (1293 turns).

Gargoyl the Trooper (Gargoyle Berserker)            Turns: 1293, Time: 00:01:37

Health: -1/24      AC:  9    Str: 20    XL:     3   Next: 66%
Magic:  3/3        EV: 10    Int:  7    God:    Trog [*.....]
Gold:   33         SH:  0    Dex: 11    Spells: 2/2 levels left

rFire   . . .      SeeInvis .   a - +0 hand axe
rCold   . . .      Faith    .   (no shield)
rNeg    + . .      Spirit   .   d - +0 scale mail
rPois   ∞          Reflect  .   (no helmet)
rElec   +          Harm     .   (no cloak)
rCorr   .          Rampage  .   (no gloves)
Will    .....                   (no boots)
Stlth   ..........              (no amulet)
HPRegen 0.08/turn               (no ring)
MPRegen 0.08/turn               (no ring)

@: on berserk cooldown, slowed, very slow
A: sickness immunity, AC +3, negative energy resistance 1, electricity
resistance, torment resistance 1, petrification resistance
a: Renounce Religion, Berserk


You were on level 4 of the Dungeon.
You worshipped Trog.
Trog was aware of your devotion.
You visited 1 branch of the dungeon, and saw 3 of its levels.

You collected 33 gold pieces.

Inventory:

Hand Weapons
 a - a +0 hand axe (weapon)
Missiles
 e - 2 throwing nets (quivered)
Armour
 d - a +0 scale mail (worn)
Potions
 b - a potion of ambrosia {unknown}
 c - 2 potions of heal wounds {unknown}


   Skills:
 + Level 3.8 Fighting
 + Level 3.5 Axes
 + Level 2.5 Armour
 + Level 1.7 Dodging


You had 2 spell levels left.
You didn't know any spells.
Your spell library was empty.

Dungeon Overview and Level Annotations

Branches:
Dungeon (2/15)

Altars:

Shops:
D:1 (


Innate Abilities, Weirdness & Mutations

You are immune to sickness and miasma.
Your stone body is resilient. (AC +3)
You are immune to poison.
You resist negative energy. (rN+)
You are resistant to electric shocks. (rElec)
You are resistant to unholy torment.
You are immune to petrification.


Message History

Unknown command.
The goblin hits you with a +0 club. x2
You see here a +0 club.
Unknown command.
You slash the goblin!
You kill the goblin!
Trog accepts your kill.
You completely miss the goblin.
You are no longer berserk.
You are exhausted.
You feel yourself slow down. The goblin hits you with a +0 club.
You completely miss the goblin. You miss the goblin.
The goblin hits you with a +0 club. The goblin closely misses you.
A goblin comes into view. It is wielding a +0 club.
Unknown command.
You hit the goblin.
The goblin is severely wounded.
You hit the goblin.
The goblin hits you but does no damage. x2
The goblin barely misses you. x2
You hit the goblin.
You kill the goblin!
Trog accepts your kill.
You barely miss the goblin. The goblin misses you.
Unknown command.
You hit the goblin.
The goblin is moderately wounded.
You barely miss the goblin. The goblin hits you with a +0 club. x3
The goblin barely misses you.
You barely miss the goblin.
The goblin is moderately wounded.
You closely miss the goblin. The goblin hits you but does no damage.
The goblin hits you with a +0 club. The goblin hits you but does no damage.
The goblin hits you with a +0 club.
* * * LOW HITPOINT WARNING * * *
Unknown command.
You slash the goblin!
You kill the goblin!
Trog accepts your kill.
You barely miss the goblin. The goblin hits you with a +0 club.
You die...

##g.###......##
##g.##......#
##..#......#
##..#.....#
##......##
##.....#
##.g..#####
##g.......
##@)#######
##)†## #†))#
##..## ##..##
#...# ##..##
#..## #.##


You could see a hobgoblin and a goblin (strong).

Vanquished Creatures
  Robin (D:4)
  2 ball pythons (D:1)
  An endoplasm (D:1)
  8 goblins
  7 hobgoblins
  4 jackals (D:1)
  2 quokkas (D:1)
  2 frilled lizards (D:1)
  A kobold (D:1)
  3 rats (D:1)
31 creatures vanquished.

Notes
Turn   | Place    | Note
-------+----------+-------------------------------------------
     0 | D:1      | Gargoyl the Gargoyle Berserker began the quest for the Orb.
     0 | D:1      | Reached XP level 1. HP: 14/14 MP: 1/1
    78 | D:1      | Found Soame's Antique Weapon Boutique.
   257 | D:1      | Reached XP level 2. HP: 14/19 MP: 2/2
  1198 | D:2      | You fall into a shaft and drop 2 floors!
  1238 | D:4      | Reached XP level 3. HP: 21/24 MP: 3/3
  1272 | D:4      | Noticed Robin
  1282 | D:4      | Killed Robin
  1293 | D:4      | Slain by a goblin

Illustrated notes

Levels and vault maps discovered:
D:1:      tarquinn_simple_flora_water_d, layout_basic, serial_shops, shop,
          minmay_misc_feat_rugged, st_stairs_6, hangedman_decor_growths
D:2:      layout_rooms
D:4:      layout_cave_pods, kennysheep_dice, uniq_menkaure, uniq_eustachio,
          uniq_robin, uniq_blork_the_orc

Skill      XL: |  1  2 |
---------------+-------+-----
Axes           | 3 |  3.5
Fighting       | |  3.8
Armour         | |  2.5
Dodging        | |  1.7

Action                   || total
-------------------------++-------
Melee: Hand axe          ||    81
Invok: Berserk           ||     2
  Use: Scroll            ||     2
Armor: Animal skin       ||    11
       Scale mail        ||    19
Dodge: Dodged            ||    69

Table legend: (Time is in decaauts)
 A = Elapsed time spent in this place.
 B = Non-inter-level travel time spent in this place.
 C = Inter-level travel time spent in this place.
 D = Time resting spent in this place.
 E = Time spent auto-exploring this place.
 F = Levels seen in this place.
 G = Mean time per level.
                   A        B        C        D        E       F      G
               +--------+--------+--------+--------+--------+-----+--------+
         Total |   1313 |   1294 |     19 |      0 |   1057 |   3 |  437.7 |
       Dungeon |   1313 |   1294 |     19 |      0 |   1057 |   3 |  437.7 |
               +--------+--------+--------+--------+--------+-----+--------+

Top non-repeatable levels by time:
     D:1: 1216 daAuts
     D:4: 97 daAuts
